 Dungeon Sprint DCSS version 0.26.0-10-g1f06aea511 (webtiles) character file.

Game seed: 9287693623607315020

41157 Amaterasu the Bludgeoner (level 14, -1/159 HPs)
             Began as an Ogre Fighter on Jan 31, 2021.
             Was the Champion of Makhleb.
             Slain by an azure jelly (3 damage)
             ... in the Dungeon (Sprint V: "Ziggurat Sprint").
             The game lasted 00:19:29 (2059 turns).

Amaterasu the Bludgeoner (Ogre Fighter)             Turns: 2059, Time: 00:19:29

Health: -1/159     AC: 30    Str: 33    XL:     14   Next: 14%
Magic:  17/17      EV: 10    Int: 13    God:    Makhleb [******]
Gold:   0          SH:  0    Dex:  8    Spells: 13/13 levels left

rFire    + + .     SeeInvis +   k - +9 giant spiked club (flame)
rCold    + . .     Faith    .   (shield currently unavailable)
rNeg     . . .     Spirit   .   c - +9 gold dragon scales
rPois    +         Reflect  .   (helmet restricted)
rElec    .         Harm     .   (no cloak)
rCorr    .         Rampage  .   (gloves unavailable)
Will     ++...     NoTele   +   (boots unavailable)
Stlth    ..........             (no amulet)
HPRegen  0.36/turn              w - ring of Pyromania {*Drain rF+ Str+6 Int+4}
MPRegen  0.15/turn              M - ring "Koupham" {Will+ SInv}

@: confused, mighty, studying 2 skills
A: large, unfitting armour, tough skin 1
a: Renounce Religion, Minor Destruction, Lesser Servant of Makhleb, Major
Destruction, Greater Servant of Makhleb


You were in the Dungeon.
You worshipped Makhleb.
Makhleb was exalted by your worship.
You visited 1 branch

Inventory:

Hand Weapons
 k - a +9 giant spiked club of flaming (weapon)
Armour
 c - +9 gold dragon scales (worn)
Jewellery
 a - the ring "Coho" {+Fly rC- Will++ Str+2 Dex+4}
   (You found it in the Dungeon)

   [ring of flight]

   It affects your strength (+2).
   It affects your dexterity (+4).
   It makes you vulnerable to cold.
   It affects your willpower, your defense against some magical effects.
   It lets you fly.
 o - the ring "Nacuoh" {rElec rF+ Int+2 Dex+2}
   (You took it off a vault guard in the Dungeon)

   [ring of protection from fire]

   It affects your intelligence (+2).
   It affects your dexterity (+2).
   It protects you from fire.
   It insulates you from electricity.
 v - an uncursed ring of flight
 w - the ring of Pyromania (left hand) {*Drain rF+ Str+6 Int+4}
   (You found it in the Dungeon)

   [ring of strength]

   It affects your strength (+6).
   It affects your intelligence (+4).
   It protects you from fire.
   It causes draining when unequipped.
 x - the ring of Suspected Treachery {rN+ Int+5 Dex-2 Stlth-}
   (You found it in the Dungeon)

   [ring of attention]

   It affects your intelligence (+5).
   It affects your dexterity (-2).
   It protects you from negative energy.
   It makes you less stealthy.
 z - a +4 ring of slaying
 K - an uncursed amulet of magic regeneration
 L - the ring of the Furies {rPois rF+ Str+2}
   (You found it in the Dungeon)

   [ring of poison resistance]

   It affects your strength (+2).
   It protects you from fire.
   It protects you from poison.
 M - the ring "Koupham" (right hand) {Will+ SInv}
   (You found it in the Dungeon)

   [ring of willpower]

   It affects your willpower, your defense against some magical effects.
   It lets you see invisible.
 O - the ring of Udireheg {rF+ MP+9 Str+2 Slay+3}
   (You found it in the Dungeon)

   [ring of magical power]

   It affects your strength (+2).
   It affects your accuracy and damage with ranged weapons and melee attacks
   (+3).
   It protects you from fire.
   It affects your magic capacity (+9).
Wands
 C - a wand of disintegration (7)
 E - a wand of acid (2)
Scrolls
 p - 4 scrolls of amnesia
 q - 7 scrolls of fog
 r - a scroll of holy word
 s - 5 scrolls of identify
 t - 5 scrolls of remove curse
 u - 2 scrolls of fear
Potions
 d - 4 potions of might
 e - 8 potions of curing
 f - 8 potions of heal wounds
 g - 6 potions of haste
 h - 7 potions of magic
 i - 3 potions of berserk rage
 l - 2 potions of brilliance
 m - 2 potions of invisibility
 n - 4 potions of resistance
Books
 y - a manual of Air Magic
 I - a manual of Axes
Miscellaneous
 b - a phial of floods (inert)
 F - a lightning rod (inert)
 G - a condenser vane (inert)
 J - a phantom mirror
 N - a box of beasts


   Skills:
 - Level 15.0 Fighting
 + Level 18.1 Maces & Flails
 * Level 16.4 Armour
 * Level 14.3 Dodging
 - Level 2.6 Shields
 - Level 5.0 Invocations
 * Level 13.5 Evocations


You had 13 spell levels left.
You didn't know any spells.
Your spell library was empty.

Dungeon Overview and Level Annotations

Branches:
Dungeon (1/1)

Altars:
Ashenzari
Cheibriados
Dithmenos
Elyvilon
Fedhas
Gozag
Hepliaklqana
Kikubaaqudgha
Makhleb
Nemelex Xobeh
Okawaru
Qazlal
Ru
Sif Muna
Trog
Uskayaw
Vehumet
Wu Jian
Xom
Yredelemnul
Zin
The Shining One
Beogh
Jiyva
Lugonu


Innate Abilities, Weirdness & Mutations

You are too large for most types of armour.
You have tough skin. (AC +1)


Message History

The azure jelly hits you but does no damage. x4
The acid blob misses you.
You bump into the unnaturally hard rock wall.
The azure jelly hits you.
* * * LOW HITPOINT WARNING * * *
The azure jelly freezes you! You resist.
* * * LOW HITPOINT WARNING * * *
The azure jelly hits you but does no damage.
The azure jelly closely misses you.
The azure jelly hits you but does no damage.
The acid blob spits acid at you.
The splash of acid hits you but does no damage.
You are splashed with acid!
* * * LOW HITPOINT WARNING * * *
You bump into the unnaturally hard rock wall.
The azure jelly hits you but does no damage. x4
The acid blob hits you but does no damage.
The azure jelly hits you but does no damage.
The azure jelly hits you.
You die...

▓.............▓...........▓...
▓...≈.○§..§§..▓..▓...).▓..▓...
▓...≈≈§§§.§...▓.▓▓▓...▓▓▓.▓...
▓...≈≈≈≈§§§...▓.)▓)....▓..▓...
▓...≈≈≈≈§.§...▓.)...©.....▓...
▓..▓≈...≈..▓..▓▓▓▓▓▓▓▓▓▓▓▓▓.▓.
▓..........GJJ▓....8©8....▓...
▓.........JJJG▓...:)=|)...▓▓▓▓
▓......©..JJJ@▓..."|)))...▓...
▓▓▓▓▓▓▓▓▓▓▓▓▓▓▓...........▓..[
▓...........▓...
▓...........▓...
▓...........▓...
▓..▓..)..▓..▓...
▓.▓▓▓...▓▓▓.▓...
▓..▓.....▓..▓.▓.
▓.....©.....▓...


You could see an acid blob, 3 azure jellies, a large slime creature, an eye of
devastation, 3 death oozes and a golden eye.

Vanquished Creatures
  A shadow dragon (D)
  A ghoul (D)
  2 stone giants (D)
  A very ugly thing (D)
  A vampire knight (D)
  4 merfolk javelineers (D)
  3 merfolk impalers (D)
  A yaktaur captain (D)
  2 ice dragons (D)
  9 vault guards (D)
  A hydra (D)
  A merfolk aquamancer (D)
  3 vampire magi (D)
  A thrashing horror (D)
  A deep elf knight (D)
  A wretched star (D)
  3 skeletal warriors (D)
  2 sea snakes (D)
  A swamp dragon (D)
  A deep elf archer (D)
  3 necromancers (D)
  A deep elf mage (D)
  An orb spider (D)
  A manticore (D)
  A merfolk siren (D)
  3 toenail golems (D)
  A water nymph (D)
  A rust devil (D)
  An efreet (D)
  4 rime drakes (D)
  A yaktaur (D)
  2 ancient zymes (D)
  8 merfolk (D)
  A wind drake (D)
  A hornet (D)
  2 shadows (D)
  A ynoxinul (D)
  3 spriggans (D)
  2 yaks (D)
  A water elemental (D)
  3 golden eyes (D)
  A chaos spawn (D)
  4 steam dragons (D)
  A neqoxec (D)
  3 acid dragons (D)
  An orc warrior (D)
  2 black bears (D)
  2 phantoms (D)
  3 wolves (D)
  3 necrophages (D)
  2 centaurs (D)
  An earth elemental (D)
  2 wights (D)
  3 crimson imps (D)
  2 orc priests (D)
  2 jellies (D)
  3 orc wizards (D)
  3 iguanas (D)
  A river rat (D)
  A white imp (D)
  An ufetubus (D)
  2 oozes (D)
  An orc (D)
  4 bat skeletons (D)
  4 bat zombies (D)
  A ball python zombie (D)
  A jackal skeleton (D)
  A leopard gecko skeleton (D)
137 creatures vanquished.

Notes
Turn   | Place    | Note
-------+----------+-------------------------------------------
     0 | D        | Amaterasu the Ogre Fighter began the quest for the Orb.
     0 | D        | Reached XP level 1. HP: 24/24 MP: 1/1
     1 | D        | Found a blossoming altar of Fedhas.
     2 | D        | Found the +6 Majin-Bo {vamp, MP+6 Int+6}
     2 | D        | Found the +9 heavy crossbow "Sniper" {vorpal, Acc+∞ SInv}
     2 | D        | Found the +10 dark maul {vorpal}
     2 | D        | Found the +15 Maxwell's patent armour {-Cast -Tele rElec
                  | Will+ rCorr}
     2 | D        | Found the +18 shield of the Gong {rElec rN+ Will+ EV-5}
     2 | D        | Found the cursed +14 obsidian axe {vorpal, +Fly SInv
                  | *Curse}
     2 | D        | Found the +7 great mace "Firestarter" {inner flame, rF++}
     2 | D        | Found the +6 shillelagh "Devastator" {shatter}
     2 | D        | Found the +11 plutonium sword {*Contam Stlth-}
     2 | D        | Found the +8 lance "Wyrmbane" {slay drac, rPois rF+ rC+
                  | AC+3}
     2 | D        | Found the +9 sword of Zonguldrok {reap}
     2 | D        | Found the cursed +13 scythe of Curses {drain, *Curse}
     2 | D        | Found the +5 sword of Power {vorpal}
     2 | D        | Found the +7 mace of Variability {chain chaos}
     2 | D        | Found the +7 Singing Sword {vorpal, sonic wave}
     2 | D        | Found the +8 storm bow {elec, penet}
     2 | D        | Found a viscous altar of Jiyva.
     2 | D        | Found a transporter.
     2 | D        | Found a hazy altar of Hepliaklqana.
     2 | D        | Found an ancient bone altar of Kikubaaqudgha.
     2 | D        | Found an opulent altar of Gozag.
     2 | D        | Found a corrupted altar of Lugonu.
    24 | D        | Found a shimmering blue altar of Sif Muna.
    24 | D        | Found a bloodstained altar of Trog.
    24 | D        | Found a sacrificial altar of Ru.
    24 | D        | Found a stormy altar of Qazlal.
    24 | D        | Found an iron altar of Okawaru.
    25 | D        | Found a sparkling altar of Nemelex Xobeh.
    27 | D        | Found a burning altar of Makhleb.
   103 | D        | Became a worshipper of Makhleb the Destroyer
   143 | D        | Entered arena 2.
   143 | D        | Noticed a phantom
   143 | D        | Found a transporter.
   150 | D        | Reached skill level 6 in Maces & Flails
   150 | D        | Reached XP level 2. HP: 10/32 MP: 2/2
   154 | D        | Killed a phantom
   155 | D        | Reached skill level 7 in Maces & Flails
   155 | D        | Reached XP level 3. HP: 15/44 MP: 3/3
   155 | D        | Reached XP level 4. HP: 18/52 MP: 4/4
   159 | D        | Got the ring "Coho" {+Fly rC- Will++ Str+2 Dex+4}
   352 | D        | Entered arena 3.
   352 | D        | Noticed a toenail golem
   352 | D        | Noticed a toenail golem
   352 | D        | Noticed a toenail golem
   352 | D        | Found a transporter.
   359 | D        | Killed a toenail golem
   359 | D        | Reached * piety under Makhleb
   360 | D        | Reached skill level 8 in Maces & Flails
   360 | D        | Reached XP level 5. HP: 43/66 MP: 5/5
   360 | D        | Reached XP level 6. HP: 48/74 MP: 6/6
   367 | D        | Killed a toenail golem
   368 | D        | Reached skill level 9 in Maces & Flails
   368 | D        | Reached skill level 5 in Armour
   368 | D        | Reached XP level 7. HP: 37/84 MP: 7/7
   369 | D        | Killed a toenail golem
   370 | D        | Reached skill level 10 in Fighting
   370 | D        | Reached skill level 10 in Maces & Flails
   370 | D        | Reached XP level 8. HP: 41/93 MP: 8/8
   579 | D        | Entered arena 4.
   579 | D        | Noticed a deep elf knight
   579 | D        | Noticed a deep elf archer
   579 | D        | Noticed a deep elf mage
   579 | D        | Found a transporter.
   586 | D        | Killed a deep elf knight
   586 | D        | Reached ** piety under Makhleb
   587 | D        | Reached skill level 11 in Maces & Flails
   587 | D        | Reached XP level 9. HP: 48/101 MP: 8/11
   587 | D        | Killed a deep elf archer
   590 | D        | Killed a deep elf mage
   591 | D        | Reached skill level 12 in Maces & Flails
   809 | D        | Entered arena 5.
   809 | D        | Noticed a rime drake
   809 | D        | Noticed a rime drake
   809 | D        | Found a transporter.
   816 | D        | Killed a rime drake
   816 | D        | Reached *** piety under Makhleb
   817 | D        | Reached skill level 5 in Invocations
   818 | D        | Killed a rime drake
   831 | D        | Reached skill level 10 in Dodging
   831 | D        | Reached XP level 10. HP: 89/110 MP: 13/13
   850 | D        | Entered arena 6.
   850 | D        | Found a transporter.
   856 | D        | Reached **** piety under Makhleb
   877 | D        | Entered arena 7.
   877 | D        | Noticed a spriggan rider
   878 | D        | Found a transporter.
   883 | D        | Reached ***** piety under Makhleb
   892 | D        | Reached skill level 10 in Armour
   900 | D        | Reached skill level 13 in Maces & Flails
  1085 | D        | Entered arena 8.
  1085 | D        | Noticed a thrashing horror
  1088 | D        | Reached skill level 5 in Evocations
  1089 | D        | Killed a thrashing horror
  1089 | D        | Reached ****** piety under Makhleb
  1093 | D        | Found a transporter.
  1128 | D        | Entered arena 9.
  1130 | D        | Found a transporter.
  1177 | D        | Entered arena 10.
  1186 | D        | Found a transporter.
  1196 | D        | Entered arena 11.
  1197 | D        | Identified the +7 mace "Rour Kude" {flame, Int+5 Stlth+}
  1198 | D        | Found a transporter.
  1202 | D        | Reached skill level 14 in Maces & Flails
  1202 | D        | Reached XP level 11. HP: 117/119 MP: 14/14
  1229 | D        | Got the ring of the Furies {rPois rF+ Str+2}
  1235 | D        | Got the ring "Koupham" {Will+ SInv}
  1239 | D        | Entered arena 12.
  1239 | D        | Noticed a skeletal warrior
  1239 | D        | Noticed a necromancer
  1239 | D        | Noticed a ghoul
  1241 | D        | Noticed a vampire mage
  1241 | D        | Noticed a vampire mage
  1244 | D        | Killed a necromancer
  1246 | D        | Killed a skeletal warrior
  1253 | D        | Killed a ghoul
  1258 | D        | Noticed a flayed ghost
  1264 | D        | Killed a vampire mage
  1267 | D        | Killed a vampire mage
  1270 | D        | Found a transporter.
  1477 | D        | Entered arena 13.
  1477 | D        | Noticed a six-headed hydra
  1477 | D        | Noticed a swamp dragon
  1477 | D        | Noticed an ice dragon
  1477 | D        | Noticed an ice dragon
  1482 | D        | Reached skill level 15 in Maces & Flails
  1482 | D        | Killed a six-headed hydra
  1486 | D        | Killed a swamp dragon
  1487 | D        | Reached XP level 12. HP: 137/137 MP: 15/15
  1489 | D        | Killed an ice dragon
  1492 | D        | Killed an ice dragon
  1500 | D        | Found a transporter.
  1508 | D        | Got the ring of Udireheg {rF+ MP+9 Str+2 Slay+3}
  1558 | D        | Entered arena 14.
  1559 | D        | Noticed a green very ugly thing
  1560 | D        | Identified the +5 rapier of Scorn {freeze, rPois}
  1560 | D        | Noticed a wretched star
  1568 | D        | Killed a green very ugly thing
  1570 | D        | Killed a wretched star
  1571 | D        | Reached skill level 15 in Fighting
  1572 | D        | Found a transporter.
  1626 | D        | Entered arena 15.
  1627 | D        | Noticed a vampire knight
  1628 | D        | Noticed a vampire mage
  1634 | D        | Reached skill level 16 in Maces & Flails
  1650 | D        | Killed a vampire mage
  1652 | D        | Killed a vampire knight
  1659 | D        | Found a transporter.
  1673 | D        | Got the ring of Pyromania {*Drain rF+ Str+6 Int+4}
  1681 | D        | Got the ring of Suspected Treachery {rN+ Int+5 Dex-2
                  | Stlth-}
  1690 | D        | Entered arena 16.
  1818 | D        | Noticed a vault guard
  1818 | D        | Noticed a vault guard
  1818 | D        | Noticed a shadow dragon
  1818 | D        | Noticed a stone giant
  1818 | D        | Noticed a vault guard
  1818 | D        | Noticed a vault guard
  1818 | D        | Noticed a vault guard
  1818 | D        | Noticed a vault guard
  1818 | D        | Noticed a vault guard
  1819 | D        | Identified the ring "Nacuoh" {rElec rF+ Int+2 Dex+2}
  1819 | D        | Noticed a vault guard
  1819 | D        | Noticed a stone giant
  1819 | D        | Noticed a yaktaur captain
  1819 | D        | Noticed a vault guard
  1824 | D        | Killed a vault guard
  1825 | D        | Reached XP level 13. HP: 106/149 MP: 16/16
  1825 | D        | Killed a vault guard
  1826 | D        | Reached skill level 10 in Evocations
  1826 | D        | Killed a vault guard
  1826 | D        | Killed a vault guard
  1826 | D        | Killed a vault guard
  1827 | D        | Killed a stone giant
  1828 | D        | Killed a vault guard
  1829 | D        | Reached skill level 15 in Armour
  1829 | D        | Killed a stone giant
  1831 | D        | Killed a yaktaur captain
  1832 | D        | Reached skill level 17 in Maces & Flails
  1837 | D        | Killed a shadow dragon
  1843 | D        | Killed a vault guard
  1846 | D        | Killed a vault guard
  1847 | D        | Found a transporter.
  1848 | D        | Killed a vault guard
  1880 | D        | Entered arena 17.
  1884 | D        | Noticed a merfolk impaler
  1884 | D        | Noticed a merfolk javelineer
  1884 | D        | Noticed a merfolk javelineer
  1884 | D        | Noticed a merfolk javelineer
  1884 | D        | Noticed a merfolk impaler
  1885 | D        | Found the cursed necklace of Bloodlust {*Rage +Rage Will++
                  | Int-3 Slay+6 *Curse}
  1885 | D        | Identified the +6 whip "Eviv" {holy, rElec Will- Str+4}
  1885 | D        | Noticed a merfolk impaler
  1890 | D        | Noticed a merfolk javelineer
  1891 | D        | Killed a merfolk javelineer
  1893 | D        | Killed a merfolk impaler
  1893 | D        | Killed a merfolk impaler
  1893 | D        | Killed a merfolk javelineer
  1893 | D        | Killed a merfolk impaler
  1895 | D        | Reached XP level 14. HP: 73/159 MP: 17/17
  1897 | D        | Reached skill level 18 in Maces & Flails
  1905 | D        | Found a transporter.
  2035 | D        | Entered arena 18.
  2038 | D        | Noticed an azure jelly
  2038 | D        | Noticed an azure jelly
  2039 | D        | Noticed an azure jelly
  2039 | D        | Noticed an acid blob
  2040 | D        | Found the +3 Elemental Staff {rElec rF++ rC++ Will++ AC+5}
  2040 | D        | Found the ring of Shadows {Umbra +Inv Stlth+}
  2058 | D        | HP: 1/159 [acid (14)]
  2059 | D        | Slain by an azure jelly

Illustrated notes

Levels and vault maps discovered:
D:        sprint_v [room_start, room_1, room_2, room_3, room_4, room_5, room_6,
          room_7, room_8, room_9, room_10, room_11, room_12, room_13, room_14,
          room_15, room_16, room_17, room_18, room_19, room_20, room_21,
          room_22, room_23, room_24, room_25, room_26, room_27]

Skill      XL: |  1  2  3  4  5  6  7  8  9 10 11 12 13 14 |
---------------+-------------------------------------------+-----
Dodging        | 3 4 7 8 9 10 11 12 14 | 14.3
Maces & Flails | 6 7 8 9 10 11 12 14 15 16 17 18 | 18.1
Fighting       | 6 8 9 10 13 15 | 15.0
Armour         | 2 4 5 6 7 9 11 13 14 16 | 16.4
Invocations    | 3 5 |  5.0
Evocations     | 2 4 5 7 9 13 | 13.5
Shields        | |  2.6

Action                   |  1- 3 |  4- 6 |  7- 9 | 10-12 | 13-15 || total
-------------------------+-------+-------+-------+-------+-------++-------
Melee: Giant spiked club |     9 |    12 |    33 |    93 |    26 ||   173
Evoke: Wand              |       |       |     5 |     6 |     1 ||    12
       Lightning rod     |       |       |       |    25 |    16 ||    41
       Condenser vane    |       |       |       |     8 |     2 ||    10
       Phial of floods   |       |       |       |     1 |     1 ||     2
  Use: Potion            |     1 |     1 |       |     6 |     3 ||    11
       Scroll            |       |       |     1 |    10 |     3 ||    14
Armor: Gold dragon scale |     9 |    14 |    68 |   264 |   120 ||   475
Dodge: Dodged            |     1 |     9 |    28 |   116 |    59 ||   213
